 Dungeon Crawl Stone Soup version 0.31-a0-354-g827e0957a7 (webtiles) character file.

Game seed: 16454719808955317065

138 avis the Ruffian (level 5, -1/45 HPs)
             Began as a Hill Orc Shapeshifter on July 23, 2023.
             Slain by a gnoll
             ... wielding a +0 spear
              (3 damage)
             ... on level 2 of the Dungeon.
             The game lasted 00:08:02 (1747 turns).

avis the Ruffian (Hill Orc Shapeshifter)            Turns: 1747, Time: 00:08:03

Health: -1/45      AC:  5    Str: 20    XL:     5   Next: 21%
Magic:  0/5        EV: 11    Int:  8    God:
Gold:   96         SH:  0    Dex: 11    Spells: 4/4 levels left

rFire   . .          .
                       - Unarmed
rCold   . . .        (no shield)
rNeg    . . .        e - +0 ring mail
rPois   .            (helmet currently unavailable)
rElec   .            (cloak currently unavailable)
rCorr   .            (gloves currently unavailable)
SInv    .            (boots currently unavailable)
Will    .....        f - amulet of guardian spirit
Stlth   +            (no ring)
HPRegen 0.27/turn    (no ring)
MPRegen 0.09/turn

%: guardian spirit
@: beast-form
A: beast (slay +2)
a: Begin Untransformation


You were on level 2 of the Dungeon.
You were a hulking beast.
You visited 1 branch of the dungeon, and saw 2 of its levels.

You collected 96 gold pieces.

Inventory:

Hand Weapons
 b - a +0 sling
 o - a +5 club
Missiles
 l - 5 poisoned darts
Armour
 a - a +0 animal skin
 e - a +0 ring mail (worn)
 m - a +0 cloak
Jewellery
 f - an amulet of guardian spirit (around neck)
Talismans
 c - a beast talisman
 p - a beast talisman
Scrolls
 g - a scroll of brand weapon {unknown}
 h - a scroll of poison {unknown}
 i - a scroll of teleportation {unknown}
 j - 2 scrolls of identify {unknown}
 q - a scroll of enchant armour {unknown}
Potions
 d - 3 potions of curing {unknown}
 k - a potion of lignification
 n - a potion of haste {unknown}


   Skills:
 + Level 3.0 Fighting
 - Level 1.5 Dodging
 + Level 4.2 Unarmed Combat
 * Level 3.7 Shapeshifting


You had 4 spell levels left.
You didn't know any spells.
Your spell library was empty.

Dungeon Overview and Level Annotations

Branches:
Dungeon (2/15)

Altars:
Trog

Shops:
D:1 (


Message History

The gnoll hits you from afar with a +0 spear.
The gnoll hits you with a +0 spear.
You punch the gnoll!
The gnoll is heavily wounded.
The gnoll misses you. The gnoll hits you with a +0 spear.
You barely miss the gnoll.
The gnoll is heavily wounded.
The gnoll closely misses you. The gnoll hits you with a +0 spear.
You barely miss the gnoll.
The gnoll is heavily wounded.
The gnoll hits you from afar with a +0 spear.
The gnoll completely misses you.
You closely miss the gnoll.
The gnoll is heavily wounded.
The gnoll hits you from afar with a +0 spear!
The gnoll hits you with a +0 spear.
* * * LOW HITPOINT WARNING * * *
You hit the gnoll.
The gnoll is almost dead.
The gnoll barely misses you. The gnoll misses you.
You barely miss the gnoll.
The gnoll is almost dead.
The gnoll hits you from afar with a +0 spear.
* * * LOW HITPOINT WARNING * * *
The gnoll hits you with a +0 spear.
* * * LOW HITPOINT WARNING * * *
You closely miss the gnoll.
The gnoll is almost dead.
The gnoll hits you but does no damage. The gnoll hits you with a +0 spear.
* * * LOW HITPOINT WARNING * * *
You hit the gnoll.
You kill the gnoll!
The gnoll closely misses you.
Your Fighting skill increases to level 3!
The gnoll closely misses you.
Things that are here:
a +0 spear; a gnoll corpse You closely miss the gnoll.
The gnoll hits you but does no damage.
You hit the gnoll but do no damage. The gnoll hits you with a +0 spear.
You die...

....~≈≈.......'..............###.
~≈~~~##.......########..........#
≈..~..........# #...........
.#######......# #...######.# .#
######## #...# .... .# #...#
##... .# #...# ....
.#####################... .....
...............)hg....... ##.#.#
######################.#. ..#.#


You could see a gnoll.

Vanquished Creatures
  Jessica (D:2)
  3 gnolls (D:2)
  3 adders (D:2)
  A worm (D:2)
  A dart slug (D:2)
  6 endoplasms
  3 giant cockroaches (D:1)
  6 goblins
  3 hobgoblins
  5 jackals
  A kobold (D:2)
  A quokka (D:1)
  3 ball pythons
  5 bats
  2 frilled lizards (D:1)
  3 rats
47 creatures vanquished.

Notes
Turn   | Place    | Note
-------+----------+-------------------------------------------
     0 | D:1      | avis the Hill Orc Shapeshifter began the quest for the Orb.
     0 | D:1      | Reached XP level 1. HP: 16/16 MP: 1/1
    44 | D:1      | Found Boehing's Weapon Shop.
   217 | D:1      | Reached XP level 2. HP: 23/23 MP: 2/2
   651 | D:1      | Reached XP level 3. HP: 26/29 MP: 3/3
   921 | D:1      | Found a faded altar of an unknown god.
  1153 | D:2      | Noticed Jessica
  1163 | D:2      | Killed Jessica
  1164 | D:2      | Reached XP level 4. HP: 34/37 MP: 4/4
  1378 | D:2      | Reached skill level 4 in Unarmed Combat
  1559 | D:2      | Reached XP level 5. HP: 44/44 MP: 3/5
  1641 | D:2      | Found a bloodstained altar of Trog.
  1743 | D:2      | HP: 1/44 [gnoll/+0 spear (4)]
  1747 | D:2      | Slain by a gnoll

Illustrated notes

Levels and vault maps discovered:
D:1:      spicycebolla_arrival_risky_transporter, layout_basic, serial_shops,
          shop, shapermc_ecumenical_altar_hornbeckon
D:2:      layout_basic, basic_altar, serial_bayou_pond_e,
          chequers_serial_rivers_small_a, uniq_crazy_yiuf_cottage, uniq_jessica

Skill      XL: |  1  2  3  4  5 |
---------------+----------------+-----
Shapeshifting  | 3 |  3.7
Fighting       | 2 3 |  3.0
Unarmed Combat | 4 |  4.2
Dodging        | |  1.5

Action                     |  1- 3 |  4- 6 || total
---------------------------+-------+-------++-------
  Melee: Unarmed           |    55 |    44 ||    99
         Punch             |       |     1 ||     1
   Fire: Sling             |    14 |    37 ||    51
 Armour: Ring mail         |    16 |    24 ||    40
  Dodge: Dodged            |    33 |    24 ||    57

Table legend: (Time is in decaauts)
 A = Elapsed time spent in this place.
 B = Non-inter-level travel time spent in this place.
 C = Inter-level travel time spent in this place.
 D = Time resting spent in this place.
 E = Time spent auto-exploring this place.
 F = Levels seen in this place.
 G = Mean time per level.
                   A        B        C        D        E       F      G
               +--------+--------+--------+--------+--------+-----+--------+
         Total |   1763 |   1647 |    116 |     28 |   1207 |   2 |  881.5 |
       Dungeon |   1763 |   1647 |    116 |     28 |   1207 |   2 |  881.5 |
               +--------+--------+--------+--------+--------+-----+--------+

Top non-repeatable levels by time:
     D:1: 1113 daAuts
     D:2: 650 daAuts
